 Dungeon Crawl Stone Soup version 0.26-a0-255-gd5f3108e62 (webtiles) character file.

Game seed: 1313538878503883555

196 Esekla the Chiller (level 6, -6/44 HPs)
             Began as a Formicid Ice Elementalist on July 9, 2020.
             Mangled by a spatial maelstrom (19 damage)
             ... on level 1 of the Abyss.
             The game lasted 00:20:36 (3281 turns).

Esekla the Chiller (Formicid Ice Elementalist)      Turns: 3281, Time: 00:20:37

Health: -6/44      AC:  2    Str: 12    XL:     6   Next: 4%
Magic:  8/11       EV: 12    Int: 17    God:
Gold:   169        SH:  0    Dex: 11    Spells: 4/11 levels left

rFire    . . .     SeeInvis +   b - +0 dagger (distort)
rCold    . . .     Faith    .   (no shield)
rNeg     . . .     Spirit   .   a - +0 robe
rPois    .         Reflect  .   (helmet unavailable)
rElec    .         Harm     .   (no cloak)
rCorr    .                      (no gloves)
MR       .....                  (no boots)
Stlth    ++........             p - amulet of the acrobat
HPRegen  0.14/turn              (no ring)
MPRegen  0.12/turn              (no ring)

@: frozen ramparts
A: permanent stasis, dig shafts and tunnels, four strong arms, antennae 3
a: Dig, Shaft Self


You were on level 1 of the Abyss.
You were not hungry.

You visited 1 branch of the dungeon, and saw 4 of its levels.
You visited the Abyss 1 time.

You collected 169 gold pieces.

Inventory:

Hand Weapons
 b - a +0 dagger of distortion (weapon)
Missiles
 o - 19 poisoned darts (quivered)
 q - 3 boomerangs
Armour
 a - a +0 robe (worn)
 j - a +0 leather armour
Jewellery
 p - an amulet of the acrobat (around neck)
Scrolls
 d - 7 scrolls of identify {unknown}
 e - 2 scrolls of remove curse {unknown}
 f - 3 scrolls of noise {unknown}
 g - a scroll of fear {unknown}
 l - a scroll of enchant armour {unknown}
 s - a scroll of enchant weapon {unknown}
Potions
 h - 3 potions of lignification {unknown}
 i - 2 potions of heal wounds {unknown}
 k - a potion of curing {unknown}
 m - 2 potions of degeneration {unknown}
 n - a potion of haste {unknown}
 r - a potion of magic {unknown}
Comestibles
 c - 4 rations


   Skills:
 * Level 2.2 Fighting
 + Level 0.7 Short Blades
 + Level 2.2 Dodging
 + Level 3.2 Stealth
 * Level 3.3 Spellcasting
 * Level 1.3 Charms
 + Level 4.9 Ice Magic


You had 4 spell levels left.
You knew the following spells:

 Your Spells              Type           Power        Failure   Level
a - Ozocubu's Armour      Chrm/Ice       ##......     14%         3
b - Freeze                Ice            ###.         2%          1
r - Frozen Ramparts       Ice            ###...       7%          3

Your spell library contained the following spells:

 Spells                   Type           Power        Failure   Level
 Hailstorm                Conj/Ice       ##......     52%         4
 Summon Ice Beast         Ice/Summ       ##......     52%         4


Dungeon Overview and Level Annotations

Branches:
Dungeon (4/15)
 Temple: D:4-7

Altars:
Ru

Annotations:
Abyss:1 Ijyb


Innate Abilities, Weirdness & Mutations

You cannot be hasted, slowed, berserked, paralysed or teleported.
You can dig through walls and to a lower floor.
Your four strong arms can wield two-handed weapons with a shield.
You have a pair of large antennae on your head. (SInv)


Message History

A spatial maelstrom comes into view.
A glowing orange brain comes into view.
A wretched star comes into view.
A spatial vortex comes into view.
The wretched star glows turbulently.
The lance of force hits you!!
Ouch! That really hurt!
You are knocked back by the lance of force.
You slam into the metal wall!
* * * LOW HITPOINT WARNING * * *
A spatial vortex comes into view.
Casting: Frozen Ramparts (dangerous; 7% risk of failure)
Confirm with . or Enter, or press ? or * to list all spells.
The walls around you are covered in ice.
The spatial maelstrom completely resists.
The wall freezes the spatial maelstrom but do no damage.
The spatial vortex completely resists.
The wall freezes the spatial vortex but do no damage.
The spatial maelstrom resists.
The wall freezes the spatial maelstrom.
The spatial maelstrom hits you!!
You die...

#..# .## ## #
#.#.# .##. {{.
#.#
.....{{...#.
.##.# .###.
#.G #. ###..#
..# { #
###.v### *.
#.#.v.#{.##.##
#.#@v#.#v*.#.
#
###.......##{
####.....#
###.### #.#..#
ยง #. .... ##
...# ####


You could see a spatial maelstrom and 2 spatial vortices.

Vanquished Creatures
  An orc priest (D:3)
  4 gnolls (D:2)
  2 adders (D:3)
  An ooze (D:3)
  4 leopard geckos
  12 orcs (D:3)
  2 ball pythons (D:3)
  2 giant cockroaches
  7 hobgoblins
  5 kobolds
  A quokka (D:3)
  8 bats
  5 frilled lizards
  5 goblins
  8 rats
67 creatures vanquished.

Vanquished Creatures (others)
  A bat (D:3)
1 creature vanquished.

Grand Total: 68 creatures vanquished

Notes
Turn   | Place    | Note
-------+----------+-------------------------------------------
     0 | D:1      | Esekla the Formicid Ice Elementalist began the quest for
                  | the Orb.
     0 | D:1      | Reached XP level 1. HP: 13/13 MP: 3/3
   199 | D:1      | Reached XP level 2. HP: 20/20 MP: 0/5
   314 | D:1      | Reached skill level 1 in Fighting
   935 | D:2      | Reached XP level 3. HP: 22/26 MP: 6/6
   944 | D:2      | Learned a level 3 spell: Frozen Ramparts
  1142 | D:2      | Reached XP level 4. HP: 33/33 MP: 3/7
  1363 | D:2      | Learned a level 3 spell: Ozocubu's Armour
  1994 | D:3      | Reached XP level 5. HP: 38/38 MP: 5/9
  2153 | D:3      | Found a sacrificial altar of Ru.
  2480 | D:3      | Reached skill level 1 in Charms
  3151 | D:4      | Noticed Ijyb
  3165 | D:4      | Banished Ijyb
  3165 | D:4      | Reached XP level 6. HP: 39/44 MP: 4/11
  3238 | D:3      | Cast into level 1 of the Abyss (unwielding a weapon of
                  | distortion)
  3273 | Abyss:1  | Noticed a spatial maelstrom
  3274 | Abyss:1  | Noticed a glowing orange brain
  3274 | Abyss:1  | Noticed a wretched star
  3275 | Abyss:1  | Noticed a spatial vortex
  3281 | Abyss:1  | Noticed a spatial vortex
  3281 | Abyss:1  | Mangled by a spatial maelstrom

Illustrated notes

Levels and vault maps discovered:
D:1:      lightli_arrival_windingriver, layout_loops_ring, serial_bayou,
          serial_bayou_pond_b, serial_bayou_pond_d, serial_bayou_crossing,
          serial_bayou_pond_d, serial_bayou_lagoon_a
D:2:      layout_basic, first_ration
D:3:      layout_basic, nicolae_ru_the_path_less_chosen
D:4:      minmay_chambers_of_fours, layout_loops_cross, fedhas_ov_isle_minmay,
          nicolae_overflow_hidden_temple, uniq_grinder, uniq_blork_the_orc,
          uniq_ijyb
Abyss:1:  base:
D:3

Skill      XL: |  1  2  3  4  5 |
---------------+----------------+-----
Fighting       | 1 2 |  2.2
Dodging        | 2 |  2.2
Spellcasting   | 3 |  3.3
Charms         | 1 |  1.3
Stealth        | 3 |  3.2
Short Blades   | |  0.7
Ice Magic      | |  4.9

Action                   |  1- 3 |  4- 6 || total
-------------------------+-------+-------++-------
Melee: Dagger            |    64 |    67 ||   131
       Short sword       |       |    18 ||    18
 Cast: Freeze            |    18 |       ||    18
       Frozen Ramparts   |     2 |    11 ||    13
       Ozocubu's Armour  |       |     1 ||     1
 Stab: Sleeping          |     1 |     9 ||    10
  Eat: Ration            |       |     2 ||     2
Armor: Robe              |    30 |    15 ||    45
Dodge: Dodged            |    68 |    51 ||   119

Table legend:
 A = Non-vault XP
 B = Vault XP
 C = Vault XP percentage of total XP
 D = Non-vault monster count
 E = Vault monster count
 F = Vault count percentage of total count
                 A         B        C        D         E       F
            +---------+---------+-------+---------+---------+-------
      Total |     238 |      42 |  15.0 |      66 |       3 |   4.3
            +---------+---------+-------+---------+---------+-------
        D:1 |      23 |       6 |  20.7 |      16 |       2 |  11.1
        D:2 |      81 |       0 |   0.0 |      18 |       0 |   0.0
        D:3 |     134 |       0 |   0.0 |      32 |       0 |   0.0
        D:4 |       0 |      36 | 100.0 |       0 |       1 | 100.0
            +---------+---------+-------+---------+---------+-------
